 Dungeon Sprint DCSS version 0.29.1-2-gbd0b4ee654 (webtiles) character file.

Game seed: 16949762403553878892

612 Arandomuser85 the Unseen (level 7, -5/75 HPs)
             Began as an Octopode Brigand on Oct 25, 2022.
             Was a Follower of Wu Jian.
             Slain by a centaur warrior (8 damage)
             ... in the Dungeon (Sprint I: "Red Sonja").
             The game lasted 00:00:47 (148 turns).

Arandomuser85 the Unseen (Octopode Brigand)          Turns: 148, Time: 00:00:48

Health: -5/75      AC:  1    Str: 10    XL:     7   Next: 44%
Magic:  7/7        EV: 15    Int: 13    God:    Wu Jian [*.....]
Gold:   425        SH:  0    Dex: 16    Spells: 6/6 levels left

rFire   . . .      SeeInvis .   a - +2 dagger
rCold   . . .      Faith    .   (no shield)
rNeg    . . .      Spirit   .   (helmet restricted)
rPois   .          Reflect  .   (no amulet)
rElec   .          Harm     .   (no ring)
rCorr   .          Rampage  .   (no ring)
Will    .....      NoTele   +   (no ring)
Stlth   ..........              (no ring)
HPRegen 0.22/turn               (no ring)
MPRegen 0.10/turn               (no ring)
                                (no ring)
                                (no ring)

@: berserking, very quick
A: almost no armour, amphibious, 8 rings, camouflage 1, gelatinous body 1,
(nimble swimmer 1), tentacles
a: Renounce Religion


You were in the Dungeon.
You worshipped Wu Jian.
Wu Jian was aware of your devotion.
You visited 1 branch You collected 425 gold pieces.

Inventory:

Hand Weapons
 a - a +2 dagger (weapon)
Missiles
 b - 9 poisoned darts (quivered)
 c - 3 curare-tipped darts
Wands
 j - a wand of roots (2)
Scrolls
 i - a scroll of blinking
Potions
 d - a potion of curing
 e - a potion of heal wounds
 f - a potion of haste
 g - 2 potions of magic
 k - a potion of mutation


   Skills:
 * Level 5.4 Fighting
 * Level 5.0 Short Blades
 - Level 2.0 Throwing
 * Level 5.1 Dodging
 * Level 18.5 Stealth


You had 6 spell levels left.
You didn't know any spells.
Your spell library was empty.

Dungeon Overview and Level Annotations

Branches:
Dungeon (1/1)

Altars:
Cheibriados
Dithmenos
Elyvilon
Fedhas
Gozag
Hepliaklqana
Kikubaaqudgha
Makhleb
Nemelex Xobeh
Okawaru
Qazlal
Ru
Sif Muna
Trog
Uskayaw
Vehumet
Wu Jian
Xom
Yredelemnul
Zin
The Shining One
Jiyva
Lugonu

Shops:
D *


Innate Abilities, Weirdness & Mutations

You cannot wear most types of armour.
You are amphibious.
You can wear up to eight rings at the same time.
Your skin changes colour to match your surroundings (Stealth+).
Your rubbery body absorbs attacks. (AC +1, EV +1)
((You are camouflaged when in or above water. (Stealth+)))
You have tentacles for arms and can constrict up to eight enemies at once.


Message History

You open the door. 2 centaur warriors come into view.
The centaur warrior moves out of view.
Found 15 gold pieces.
There is an open door here.
The centaur warrior shouts!
The centaur warrior hits you. The centaur warrior barely misses you.
The centaur warrior hits you but does no damage.
The centaur warrior barely misses you.
The centaur warrior shouts!
You hit the centaur warrior but do no damage.
The centaur warrior hits you! The centaur warrior kicks you.
The centaur warrior hits you. The centaur warrior kicks you.
Unknown command.
A red film seems to cover your vision as you go berserk!
You feel yourself moving faster!
You feel mighty! The centaur warrior misses you. The centaur warrior kicks you.
The centaur warrior hits you. The centaur warrior barely misses you.
Unknown command.
You hit the centaur warrior.
The centaur warrior is lightly wounded.
The centaur warrior closely misses you. The centaur warrior kicks you.
The centaur warrior closely misses you. The centaur warrior kicks you.
You puncture the centaur warrior!
The centaur warrior is heavily wounded.
The centaur warrior hits you!
* * * LOW HITPOINT WARNING * * *
The centaur warrior closely misses you.
You hit the centaur warrior.
Your squeeze misses the centaur warrior.
The centaur warrior is heavily wounded.
The centaur warrior hits you.
* * * LOW HITPOINT WARNING * * *
The centaur warrior misses you.
You puncture the centaur warrior!
The centaur warrior is severely wounded.
The centaur warrior closely misses you. The centaur warrior kicks you.
* * * LOW HITPOINT WARNING * * *
The centaur warrior hits you!
You die...

###################
#.)+..#.)+..#__#..+
'..#.)'..#..'..'..#
#####+#####'#__####
####..#...#.####$§#
#__####..##.#~§§cc#
#_____##'#_.'~§§@§+
#_.∩..†'..._#~§§§§#
#_..__##_.#'##+####
#_____###+#)#
####### ###


You could see 2 centaur warriors.

Vanquished Creatures
  A slime creature (D)
  Sigmund (D)
  A yak (D)
  An ogre (D)
  A jelly (D)
  Ijyb (D)
6 creatures vanquished.

Notes
Turn   | Place    | Note
-------+----------+-------------------------------------------
     0 | D        | Arandomuser85 the Octopode Brigand began the quest for the
                  | Orb.
     0 | D        | Reached XP level 1. HP: 14/14 MP: 1/1
     2 | D        | Noticed Ijyb
     5 | D        | Killed Ijyb
     6 | D        | Reached skill level 8 in Stealth
     6 | D        | Reached XP level 2. HP: 20/20 MP: 2/2
     6 | D        | Reached XP level 3. HP: 25/25 MP: 3/3
     9 | D        | Noticed an ogre
    12 | D        | Killed an ogre
    13 | D        | Reached skill level 12 in Stealth
    13 | D        | Reached XP level 4. HP: 31/31 MP: 4/4
    30 | D        | Noticed Sigmund
    33 | D        | Killed Sigmund
    34 | D        | Reached skill level 15 in Stealth
    34 | D        | Reached XP level 5. HP: 38/38 MP: 5/5
    34 | D        | Reached XP level 6. HP: 44/44 MP: 6/6
    49 | D        | Found an ornate altar of the Wu Jian Council.
    49 | D        | Found a shimmering blue altar of Sif Muna.
    51 | D        | Found a radiant altar of Vehumet.
    54 | D        | Became a worshipper of the Wu Jian Council
    94 | D        | Found Huasinkuy's General Store.
    94 | D        | Found an ancient bone altar of Kikubaaqudgha.
    94 | D        | Found a hazy altar of Hepliaklqana.
    94 | D        | Found a stormy altar of Qazlal.
    94 | D        | Found a hide-covered altar of Uskayaw.
    94 | D        | Found a blossoming altar of Fedhas.
    94 | D        | Found a bloodstained altar of Trog.
    94 | D        | Found an iron altar of Okawaru.
    94 | D        | Found a basalt altar of Yredelemnul.
    94 | D        | Found a glowing golden altar of the Shining One.
    94 | D        | Found a snail-covered altar of Cheibriados.
    94 | D        | Found a sacrificial altar of Ru.
    94 | D        | Found a glowing silver altar of Zin.
    94 | D        | Found a shadowy altar of Dithmenos.
    94 | D        | Found a white marble altar of Elyvilon.
    94 | D        | Noticed a yak
    95 | D        | Found an opulent altar of Gozag.
    95 | D        | Killed a yak
    96 | D        | Reached skill level 5 in Fighting
    96 | D        | Reached skill level 17 in Stealth
    96 | D        | Found a sparkling altar of Nemelex Xobeh.
   113 | D        | Found a burning altar of Makhleb.
   113 | D        | Found a viscous altar of Jiyva.
   113 | D        | Found a shimmering altar of Xom.
   113 | D        | Found a corrupted altar of Lugonu.
   113 | D        | Noticed a slime creature
   115 | D        | Killed a slime creature
   115 | D        | Reached * piety under Wu Jian
   116 | D        | Reached skill level 5 in Short Blades
   116 | D        | Reached skill level 5 in Dodging
   116 | D        | Reached skill level 18 in Stealth
   116 | D        | Reached XP level 7. HP: 50/50 MP: 7/7
   137 | D        | Noticed a centaur warrior
   137 | D        | Noticed a centaur warrior
   148 | D        | HP: 3/75 [centaur warrior (5)]
   148 | D        | Slain by a centaur warrior

Illustrated notes

Levels and vault maps discovered:
D:        dungeon_sprint_1 [red_sonja_temple_1, red_sonja_temple_small_1]

Skill      XL: |  1  2  3  4  5  6 |
---------------+-------------------+-----
Dodging        | 2 3 4 5 |  5.1
Stealth        | 8 12 15 18 | 18.5
Fighting       | 3 4 5 |  5.4
Short Blades   | 3 4 5 |  5.0
Throwing       | |  2.0

Action                   |  1- 3 |  4- 6 |  7- 9 || total
-------------------------+-------+-------+-------++-------
Melee: Dagger            |     2 |     4 |     5 ||    11
Invok: Lunge             |       |     2 |       ||     2
  Use: Scroll            |       |     1 |       ||     1
       Potion            |       |       |     1 ||     1
 Stab: Sleeping          |     2 |     4 |       ||     6
Armor: Skin              |       |       |     1 ||     1
Dodge: Dodged            |       |       |     9 ||     9
